 Dungeon Sprint DCSS version 0.16-a0-3946-g4f19e5c (webtiles) character file.

947 PolkaDot the Covert (level 7, -1/59 (62) HPs)
             Began as a Vampire Assassin on Feb 9, 2015.
             Slain by a spatial vortex (22 damage)
             ... in the Dungeon (Sprint III: "The Ten Rune Challenge").
             The game lasted 00:04:59 (675 turns).

PolkaDot the Covert (Vampire Assassin)               Turns: 675, Time: 00:05:00

HP:   -1/59 (62)    AC:  3    Str: 10    XL:     7   Next: 89%
MP:   7/7           EV: 12    Int: 13    God:
Gold: 29            SH:  0    Dex: 17    Spells: 1 memorised, 3 levels left

rFire  . . .     SeeInvis +     a - +2 dagger
rCold  . . .     Clarity  .     c - +0 robe
rNeg   . . .     SustAb   .     (no shield)
rPois  .         Gourm    .     (no helmet)
rElec  .         Spirit   .     d - +0 cloak
rCorr  .         Warding  .     (no gloves)
rMut   .         NoTele   +     (no boots)
MR     .....                    (no amulet)
Stlth  +++++++...               (no ring)
                                (no ring)

@: regenerating quickly, not resistant to hostile enchantments, extremely
stealthy
A: bottle blood, fangs 3, see invisible, unbreathing
a: no special abilities


You were in the Dungeon.
You were full.

You visited 1 branch You collected 29 gold pieces.

Inventory:

Hand weapons
 a - a +2 dagger (weapon)
 b - a +0 blowgun
Missiles
 f - a curare-tipped needle
 i - 5 poisoned needles
Armour
 c - a +0 robe (worn)
 d - a +0 cloak (worn)
Magical devices
 j - a wand of frost (14)
Scrolls
 g - 3 scrolls of remove curse {unknown}
 m - a scroll of blinking
 n - 2 scrolls of immolation {unknown}
 o - 2 scrolls of identify {unknown}
Potions
 e - a potion of berserk rage
 k - 2 potions of magic
 p - 4 potions of cure mutation {!q}
Books
 h - a book of Necromancy

   Spells                             Type                      Level
   a - Pain                           Necromancy                   1
   b - Animate Skeleton               Necromancy                   1
   c - Vampiric Draining              Necromancy                   3
   d - Regeneration                   Charms/Necromancy            3
   e - Animate Dead                   Necromancy                   4
   f - Control Undead                 Necromancy                   4


   Skills:
 + Level 8.2 Fighting
 - Level 10.9 Short Blades
 - Level 1.5 Throwing
 - Level 1.1 Dodging
 + Level 13.9 Stealth
 * Level 7.9 Charms


You had 3 spell levels left.
You knew the following spells:

 Your Spells              Type           Power        Failure   Level  Hunger
a - Regeneration          Chrm/Necr      ##........   21%         3    ####...


Dungeon Overview and Level Annotations

Branches:
Dungeon (1/1)

Altars:
Cheibriados
Dithmenos
Elyvilon
Fedhas
Gozag
Kikubaaqudgha
Makhleb
Nemelex Xobeh
Okawaru
Qazlal
Ru
Sif Muna
Trog
Vehumet
Xom
Yredelemnul
Zin
The Shining One
Jiyva
Lugonu


Innate Abilities, Weirdness & Mutations

Your natural rate of healing is unusually fast.
You can bottle blood from corpses.
You have razor-sharp teeth.
You have supernaturally acute eyesight.
You can survive without breathing.


Message History

The spatial vortex is lightly damaged.
There is a sacrificial altar of Ru here.
There is a shimmering altar of Xom here.
You hit the spatial vortex.
The spatial vortex is moderately damaged.
You hit the spatial vortex.
The spatial vortex is moderately damaged.
The spatial vortex hits you!!
* * * LOW HITPOINT WARNING * * *
There is a shadowy altar of Dithmenos, spattered with blood here.
Drink which item? (? for menu, Esc to quit)
Okay, then.
You hit the spatial vortex.
The spatial vortex is moderately damaged.
You barely miss the spatial vortex.
The spatial vortex is moderately damaged.
The spatial vortex hits you!
* * * LOW HITPOINT WARNING * * *
Space warps horribly around you!
You die...

...#####..#___#__[#__#
....#%%#..#...#..)#._#
#...#!.#..###'#'###'##
##..##'#..#..........#
##..###...'.⌠........#
#..####...#...######'#
#..###....#.⌠.#__#...#
...##.....#...#__#...#
..÷#.)....#'###_@#...#
.##.#.....#.))#v_#..%+
.#####....#___#_.'...#
▓▓ ▓▓▓▓▓▓▓▓▓▓▓▓▓▓▓▓▓


You could see a spatial vortex.

Vanquished Creatures
  A deep elf priest (D)
  A shadow (D)
  A necrophage (D)
  A water elemental (D)
  A jelly (D)
  A wizard (D)
  A necromancer (D)
  A kobold demonologist (D)
  3 humans (D)
  A giant mite (D)
  A phantom (D)
  An ooze (D)
  2 rats (D)
16 creatures vanquished.

Vanquished Creatures (others)
  2 draconian scorchers (D)
  A yaktaur (D)
3 creatures vanquished.

Grand Total: 19 creatures vanquished

Notes
Turn   | Place    | Note
--------------------------------------------------------------
     0 | D        | PolkaDot, the Vampire Assassin, began the quest for the Orb.
     0 | D        | Reached XP level 1. HP: 16/16 MP: 1/1
    17 | D        | Reached skill level 6 in Stealth
    33 | D        | Killed a yaktaur
    82 | D        | Reached XP level 2. HP: 21/23 MP: 2/2
   117 | D        | Reached skill level 5 in Short Blades
   117 | D        | Reached skill level 7 in Stealth
   117 | D        | Reached XP level 3. HP: 29/29 MP: 3/3
   195 | D        | Noticed a water elemental
   198 | D        | Killed a water elemental
   198 | D        | Reached skill level 8 in Stealth
   198 | D        | Reached XP level 4. HP: 32/34 MP: 4/4
   202 | D        | Found a glowing silver altar of Zin.
   203 | D        | Found a glowing golden altar of the Shining One.
   203 | D        | Found a white marble altar of Elyvilon.
   203 | D        | Noticed a deep elf priest
   233 | D        | Killed a deep elf priest
   233 | D        | Reached skill level 10 in Short Blades
   233 | D        | Reached skill level 11 in Stealth
   233 | D        | Reached XP level 5. HP: 13/44 MP: 5/5
   233 | D        | Reached XP level 6. HP: 14/50 MP: 6/6
   367 | D        | Found a radiant altar of Vehumet.
   368 | D        | Found a deep blue altar of Sif Muna.
   368 | D        | Found an ancient bone altar of Kikubaaqudgha.
   368 | D        | Noticed a wizard
   369 | D        | Killed a wizard
   371 | D        | Reached skill level 12 in Stealth
   380 | D        | Learned a level 3 spell: Regeneration
   386 | D        | Found an iron altar of Okawaru.
   386 | D        | Found a bloodstained altar of Trog.
   386 | D        | Noticed a human
   387 | D        | Noticed a human
   389 | D        | Killed a human
   417 | D        | Killed a human
   417 | D        | Reached skill level 13 in Stealth
   417 | D        | Reached skill level 5 in Charms
   417 | D        | Reached XP level 7. HP: 27/57 MP: 7/7
   470 | D        | Killed a white draconian scorcher
   473 | D        | Killed a white draconian scorcher
   529 | D        | Found a snail-covered altar of Cheibriados.
   529 | D        | Noticed a necrophage
   530 | D        | Found a basalt altar of Yredelemnul.
   530 | D        | Found a blossoming altar of Fedhas.
   530 | D        | Noticed a necromancer
   531 | D        | Killed a necrophage
   532 | D        | Killed a necromancer
   542 | D        | Noticed a jelly
   543 | D        | Noticed a shadow
   545 | D        | Killed a shadow
   559 | D        | Killed a jelly
   663 | D        | Found a stormy altar of Qazlal.
   664 | D        | Found a sacrificial altar of Ru.
   664 | D        | Found a burning altar of Makhleb.
   664 | D        | Found a viscous altar of Jiyva.
   664 | D        | Found a shimmering altar of Xom.
   664 | D        | Found a shadowy altar of Dithmenos.
   664 | D        | Found a sparkling altar of Nemelex Xobeh.
   664 | D        | Found a corrupted altar of Lugonu.
   664 | D        | Found an opulent altar of Gozag.
   664 | D        | Noticed a spatial vortex
   675 | D        | Slain by a spatial vortex

Action                   |  1- 3 |  4- 6 |  7- 9 || total
-------------------------+-------+-------+-------++-------
Melee: Dagger            |    22 |     8 |    22 ||    52
 Fire: Blowgun           |     3 |    17 |       ||    20
  Use: Potion            |     6 |     2 |       ||     8
 Stab: Sleeping          |     5 |     3 |     3 ||    11
  Eat: Corpse            |     2 |     1 |     2 ||     5
